Map: Lost and Found LE

Players

Nerchio - Winner!

  • Race: Zerg Zerg
  • Spawn Location: 7:00

GoGojOey

  • Race: Zerg Zerg
  • Spawn Location: 1:00

Event: WCS Montreal 2018

VOD

Have the link to the VOD?

Description

Time

  • Played on: Sept. 7, 2018, 3:45 p.m.
  • Length: 12:21

All games in this series

Show
View Real Time Build Order
Export as new Build Order

Nerchio Zerg - Winner!

Build Orders: Pool First 

Get SALT Encoding   

  12  0:00  Drone  
  13  0:12  Overlord  
  13  0:16  Drone  
  14  0:31  Drone x2  
  14  0:34  Drone  
  17  0:44  Extractor  
  17  0:45  Drone  
  17  0:49  Spawning Pool  
  16  0:56  Drone  
  17  1:13  Hatchery  
  17  1:17  Drone  
  17  1:36  Zergling x2, Queen  
  20  1:44  Metabolic Boost, Drone  
  21  1:51  Overlord  
  21  1:55  Drone  
  22  2:10  Drone  
  22  2:11  Drone, Queen  
  26  2:22  Drone  
  27  2:24  Queen  
  27  2:27  Drone  
  30  2:33  Drone  
  31  2:37  Baneling Nest  
  31  2:42  Drone  
  31  2:44  Drone  
  31  2:45  Drone  
  31  2:50  Overlord  
  33  2:53  Drone  
  33  2:55  Zergling x2  
  35  2:58  Drone  
  36  3:13  Hatchery  
  36  3:15  Zergling x2  
  36  3:21  Drone x3  
  36  3:24  Drone  
  36  3:26  Drone  
  41  3:28  Drone  
  41  3:31  Overlord  
  42  3:34  Drone  
  42  3:36  Drone  
  44  3:42  Roach Warren  
  43  3:52  Zergling x10  
  43  3:53  Zergling x2  
  43  3:55  Zergling x2  
  50  3:58  Overlord  
  50  4:03  Baneling x2  
  50  4:05  Drone  
  50  4:06  Drone  
  50  4:07  Evolution Chamber  
  51  4:12  Overlord  
  51  4:13  Overlord  
  51  4:19  Drone x3  
  51  4:20  Drone  
  51  4:22  Drone  
  56  4:26  Drone x2  
  56  4:29  Overlord  
  56  4:43  Zergling x12  
  57  4:49  Roach x3  
  57  4:50  Lair  
  57  4:52  Roach  
  65  4:55  Roach  
  65  4:56  Roach  
  65  4:58  Overlord  
  69  5:06  Overlord  
  69  5:11  Roach x3  
  69  5:12  Overlord x2  
  75  5:16  Overlord  
  70  5:22  Drone  
  70  5:23  Drone x5  
  70  5:25  Drone  
  70  5:26  Drone  
  77  5:29  Queen  
  77  5:31  Drone  
  77  5:33  Drone  
  77  5:34  Drone  
  77  5:35  Drone  
  81  5:36  Drone  
  81  5:38  Extractor  
  81  5:39  Extractor, Drone  
  80  5:43  Drone x2  
  80  5:47  Drone x4  
  85  5:51  Zerg Missile Weapons Level 1  
  85  5:52  Extractor  
  85  5:56  Drone x4  
  87  5:57  Drone  
  87  6:00  Extractor  
  87  6:01  Queen, Evolution Chamber  
  87  6:03  Drone  
  88  6:08  Extractor, Drone  
  88  6:09  Drone x3  
  91  6:15  Pneumatized Carapace  
  91  6:19  Glial Reconstitution  
  91  6:22  Roach  
  91  6:24  Queen  
  95  6:27  Roach x2  
  95  6:28  Roach  
  95  6:30  Roach  
  95  6:31  Roach  
  105  6:36  Overlord x2  
  105  6:43  Zerg Ground Armor Level 1  
  105  6:48  Overseer  
  105  6:50  Hatchery, Roach  
  105  6:51  Roach  
  105  6:53  Roach  
  110  6:55  Roach  
  110  6:57  Roach  
  110  6:58  Queen  
  110  6:59  Roach  
  110  7:00  Roach  
  120  7:02  Roach  
  120  7:03  Roach  
  120  7:06  Roach  
  120  7:08  Roach  
  128  7:09  Roach  
  128  7:13  Roach x2  
  128  7:14  Roach  
  136  7:16  Overlord  
  136  7:18  Overlord  
  136  7:22  Overlord  
  136  7:23  Overlord  
  136  7:24  Ravager  
  136  7:26  Overlord  
  136  7:28  Overlord  
  137  7:32  Overlord x2  
  137  7:35  Overlord  
  137  7:37  Overlord  
  137  7:41  Roach x2  
  137  7:42  Ravager x3  
  137  7:44  Ravager x2  
  146  7:45  Roach  
  146  7:48  Zerg Missile Weapons Level 2  
  150  7:51  Roach  
  150  7:53  Roach  
  150  7:56  Roach x2  
  150  7:57  Roach  
  156  8:05  Roach x3  
  162  8:06  Roach x2  
  162  8:08  Roach  
  162  8:10  Roach  
  170  8:14  Drone x4  
  174  8:20  Drone  
  174  8:22  Burrow, Tunneling Claws  
  174  8:26  Roach x2  
  174  8:27  Roach  
  181  8:28  Roach  
  181  8:31  Roach  
  181  8:32  Roach  
  187  8:36  Ravager  
  187  8:38  Overlord, Roach  
  190  8:43  Roach x4  
  194  9:04  Roach x2  
  190  9:11  Roach x7  
  190  9:13  Roach x2  
  190  9:17  Roach x7  
  193  9:21  Roach  
  193  9:23  Roach  
  200  9:28  Roach  
  200  9:31  Zerg Ground Armor Level 2  
  200  9:32  Roach x3  
  200  9:34  Roach x7  
  200  9:38  Roach x3  
  200  9:43  Roach x2  
  200  9:51  Roach  
  200  9:58  Roach x2  
  198  10:01  Roach x2  
  198  10:02  Roach x34  
  198  10:03  Roach x32  
  200  10:07  Overseer, Roach  
  200  10:08  Roach x32  
  200  10:10  Roach x2  
  194  10:14  Roach x4  
  194  10:16  Roach  
  194  10:20  Roach  
  194  10:21  Roach x3  
  200  10:25  Roach x45  
  198  10:29  Roach  
  198  10:31  Roach  
  200  10:38  Hydralisk Den, Roach x7  
  197  10:43  Roach  
  197  10:46  Ravager  
  200  10:54  Hatchery  
  200  10:55  Roach x2  
  200  10:58  Roach x2  
  200  11:02  Roach  
  200  11:03  Roach x6  
  200  11:04  Roach x4  
  196  11:06  Roach  
  196  11:10  Roach x2  
  200  11:13  Roach x3  
  200  11:19  Roach  
  200  11:21  Roach x4  
  200  11:23  Roach x4  
  196  11:26  Roach  
  196  11:27  Roach  
  196  11:28  Roach  
  196  11:32  Roach x6  
  200  11:35  Roach x21  
  200  11:36  Spine Crawler  
  200  11:37  Spine Crawler  
  200  11:38  Spine Crawler  
  200  11:39  Spine Crawler, Roach x3  
  196  11:40  Spine Crawler  
  196  11:41  Spine Crawler  
  196  11:45  Ravager x2  
  196  11:46  Ravager x4  
Show
View Real Time Build Order
Export as new Build Order

GoGojOey Zerg 

Build Orders: Hatch First 

Get SALT Encoding   

  12  0:00  Drone  
  13  0:13  Overlord  
  13  0:16  Drone  
  14  0:31  Drone x2  
  14  0:35  Drone  
  17  0:52  Hatchery  
  17  0:54  Drone  
  17  0:57  Drone  
  18  1:08  Extractor  
  17  1:12  Spawning Pool  
  17  1:14  Drone  
  17  1:18  Drone  
  18  1:28  Drone  
  19  1:39  Overlord  
  19  1:50  Drone  
  20  1:58  Queen  
  20  2:00  Zergling x2  
  23  2:04  Queen  
  23  2:05  Drone, Evolution Chamber  
  25  2:11  Zergling x2  
  25  2:15  Drone  
  27  2:26  Drone x2  
  29  2:32  Zerg Ground Armor Level 1  
  29  2:33  Drone  
  29  2:36  Queen  
  30  2:41  Drone  
  33  2:47  Drone  
  33  2:48  Overlord  
  34  2:54  Drone  
  35  2:59  Drone  
  36  3:06  Metabolic Boost  
  36  3:08  Drone x3  
  36  3:09  Drone x2  
  41  3:14  Overlord  
  41  3:15  Drone  
  41  3:19  Drone  
  43  3:20  Drone  
  43  3:26  Overlord  
  43  3:32  Overlord  
  43  3:34  Drone  
  44  3:47  Hatchery  
  43  3:52  Drone x3  
  43  3:53  Drone x4  
  50  4:01  Roach Warren  
  50  4:02  Extractor, Evolution Chamber  
  47  4:04  Zergling x4  
  47  4:09  Overlord  
  49  4:14  Zergling x2  
  50  4:20  Spine Crawler  
  50  4:21  Zergling x2  
  50  4:23  Zergling x8  
  54  4:28  Zerg Missile Weapons Level 1  
  54  4:30  Zergling x6  
  58  4:41  Zergling x4  
  58  4:44  Hatchery  
  55  4:49  Drone  
  55  4:50  Lair  
  55  4:51  Queen  
  58  4:53  Extractor  
  58  4:55  Drone x3  
  58  4:56  Drone x4  
  58  4:58  Extractor  
  63  5:05  Overlord  
  63  5:07  Drone  
  56  5:22  Drone x4  
  56  5:23  Drone  
  62  5:28  Roach x2  
  62  5:29  Roach x2  
  65  5:40  Roach x2  
  68  5:44  Roach  
  67  5:51  Glial Reconstitution  
  67  5:56  Queen  
  68  5:57  Drone x4  
  68  5:58  Roach x2  
  68  6:01  Zerg Ground Armor Level 2  
  68  6:03  Queen  
  78  6:05  Drone x4  
  78  6:07  Drone  
  78  6:08  Overseer, Drone  
  78  6:09  Overseer  
  84  6:12  Drone  
  85  6:18  Drone  
  85  6:19  Drone  
  85  6:25  Overlord  
  87  6:29  Drone x3  
  87  6:30  Overlord  
  90  6:33  Extractor  
  90  6:38  Drone  
  90  6:41  Overlord x2  
  90  6:44  Overlord x2  
  90  6:45  Drone  
  91  6:47  Roach  
  91  6:51  Zerg Missile Weapons Level 2, Roach  
  96  6:54  Ravager x3  
  96  6:55  Ravager  
  96  6:56  Roach  
  96  7:00  Hatchery, Roach x2  
  104  7:06  Roach  
  104  7:07  Roach x3  
  112  7:14  Roach x5  
  122  7:19  Roach  
  122  7:20  Unknown, Roach x2  
  128  7:23  Overseer  
  128  7:25  Overseer  
  128  7:27  Roach x3  
  134  7:31  Roach  
  134  7:36  Overlord x2  
  136  7:38  Overlord  
  136  7:44  Roach  
  136  7:46  Overlord x2  
  138  7:53  Extractor  
  138  7:56  Roach x6  
  146  8:00  Roach  
  146  8:04  Roach x4  
  156  8:06  Roach x3  
  156  8:10  Overlord x2  
  162  8:19  Roach x3  
  168  8:22  Overlord x3  
  168  8:27  Overlord x2  
  168  8:37  Roach x4  
  168  8:40  Overlord  
  176  8:47  Roach  
  176  8:48  Roach x6  
  190  8:50  Overlord  
  190  8:54  Roach x2  
  194  9:01  Roach x3  
  200  9:09  Roach x2  
  198  9:15  Roach x5  
  198  9:16  Roach  
  196  9:18  Roach  
  196  9:19  Roach x2  
  194  9:24  Roach x2  
  194  9:25  Roach  
  194  9:29  Ravager x2  
  200  9:40  Spire  
  196  9:46  Roach  
  196  9:47  Roach  
  200  9:54  Drone  
  200  9:58  Overseer  
  194  10:02  Spine Crawler  
  194  10:03  Roach x3  
  194  10:04  Roach x8  
  194  10:10  Roach x3  
  171  10:23  Drone x5  
  171  10:24  Drone x2  
  171  10:26  Roach  
  180  10:34  Roach x2  
  182  10:42  Ravager x2  
  184  10:45  Overseer  
  184  10:48  Spine Crawler  
  183  10:50  Roach  
  183  10:51  Spine Crawler, Roach x2  
  188  11:02  Roach x5  
  196  11:11  Roach x4  
  184  11:25  Drone x2  
  185  11:26  Roach x3  
  185  11:27  Roach  
  185  11:31  Roach  
  196  11:33  Ravager x2  
  196  11:34  Overseer  
  194  11:40  Ravager  
  194  11:41  Roach x2  
  197  11:47  Ravager  
  197  11:50  Roach  
Tags
 
Add a new tag
Caveats
  • Supply blocks, unpowered buildings, or Contaminate may cause inaccurate times.
  • Supply counts are checked every 10 seconds.